 Dungeon Crawl Stone Soup version 0.26-a0-1132-ge9770dfcb6 (webtiles) character file.

Game seed: 11001571420688377208

44 tilp the Changer (level 3, 0/23 HPs)
             Began as an Octopode Transmuter on Dec 20, 2020.
             Slain by a bat (1 damage)
             ... on level 2 of the Dungeon.
             The game lasted 00:01:32 (1262 turns).

tilp the Changer (Octopode Transmuter)              Turns: 1262, Time: 00:01:34

Health: 0/23       AC:  1    Str:  8 (9)  XL:     3   Next: 60%
Magic:  4/6        EV: 13    Int: 15 (16) God:
Gold:   49         SH:  0    Dex: 10 (12) Spells: 3/6 levels left

rFire    . . .     SeeInvis .     - Unarmed
rCold    . . .     Faith    .   (no shield)
rNeg     . . .     Spirit   .   (helmet restricted)
rPois    .         Reflect  .   (no amulet)
rElec    .         Harm     .   (no ring)
rCorr    .         Rampage  .   (no ring)
Will     .....                  (no ring)
Stlth    ++........             (no ring)
HPRegen  0.07/turn              (no ring)
MPRegen  0.10/turn              (no ring)
                                (no ring)
                                (no ring)

@: lethally poisoned (0 -> -3), wereblooded
A: almost no armour, stealthy swim, amphibious, 8 rings, constrict 8, camouflage
1, gelatinous body 1
a: no special abilities


You were on level 2 of the Dungeon.
You visited 1 branch of the dungeon, and saw 2 of its levels.

You collected 49 gold pieces.

Inventory:

Missiles
 a - 27 stones (quivered)
Jewellery
 f - an uncursed amulet of magic regeneration {unknown}
Scrolls
 b - a scroll of random uselessness {unknown}
 h - a scroll of identify {unknown}
Potions
 c - a potion of degeneration
 d - a potion of attraction {unknown}
 e - a potion of cancellation {unknown}
 g - a potion of might {unknown}


   Skills:
 - Level 1.0 Fighting
 - Level 2.0 Dodging
 - Level 3.0 Unarmed Combat
 - Level 2.0 Spellcasting
 + Level 3.9 Transmutations


You had 3 spell levels left.
You knew the following spells:

 Your Spells              Type           Power        Failure   Level
a - Beastly Appendage     Tmut           26%          4%          1
b - Wereblood             Tmut           13%          7%          2

Your spell library contained the following spells:

 Spells                   Type           Power        Failure   Level
 Spider Form              Tmut/Pois      3%           30%         3
 Ice Form                 Ice/Tmut       7%           69%         4
 Blade Hands              Tmut           6%           77%         5


Dungeon Overview and Level Annotations

Branches:
Dungeon (2/15)

Altars:


Innate Abilities, Weirdness & Mutations

You cannot wear most types of armour.
You are very stealthy in the water. (Stealth+)
You are amphibious.
You can wear up to eight rings at the same time.
You can use your tentacles to constrict eight enemies at once.
Your skin changes colour to match your surroundings (Stealth+).
Your rubbery body absorbs attacks. (AC +1, EV +1)


Message History

You bludgeon the leopard gecko!
You kill the leopard gecko!
You constrict the adder. The bat misses you.
The bat hits you but does no damage. The hobgoblin closely misses you.
The adder barely misses you. The bat hits you but does no damage.
Unknown command.
You tentacle-slap the hobgoblin.
You kill the hobgoblin!
You constrict the adder. The bat completely misses you.
The bat closely misses you. The adder bites you.
* * * LOW HITPOINT WARNING * * *
You are lethally poisoned!
The adder poisons you!
It was a potion of degeneration.
There was something very wrong with that liquid.
You feel weakened.
You feel dopey.
You feel clumsy.
You constrict the adder.
* * * LOW HITPOINT WARNING * * *
You feel sick. The bat hits you.
You die...

#...................
...................
..............#.###.. .
....................> ..
................#### Z..
.............#.....#..#
.............##......##.
####..#...##..b)......
##.....##.†@S....#
..........b†......
..#...#..........#<
#.......#..........
...##.........# #...
........... ##.
.........#..
#.........#..


You could see an adder, 2 bats and a hound skeleton.

Vanquished Creatures
  An adder (D:2)
  A leopard gecko (D:2)
  2 giant cockroaches (D:1)
  5 hobgoblins
  4 jackals (D:2)
  8 bats
  4 goblins
  2 kobolds
  3 rats
30 creatures vanquished.

Notes
Turn   | Place    | Note
-------+----------+-------------------------------------------
     0 | D:1      | tilp the Octopode Transmuter began the quest for the Orb.
     0 | D:1      | Reached XP level 1. HP: 13/13 MP: 3/3
   394 | D:1      | Reached XP level 2. HP: 17/18 MP: 3/5
   442 | D:1      | Learned a level 2 spell: Wereblood
  1059 | D:2      | Reached XP level 3. HP: 22/23 MP: 2/6
  1262 | D:2      | HP: 1/23 [poisoned by an adder]
  1262 | D:2      | Slain by a bat

Illustrated notes

Levels and vault maps discovered:
D:1:      lemuel_arrival_rhombus, layout_basic
D:2:      layout_rooms

Skill      XL: |  1  2 |
---------------+-------+-----
Transmutations | 3 |  3.9
Fighting       | |  1.0
Dodging        | |  2.0
Unarmed Combat | |  3.0
Spellcasting   | |  2.0

Action                   || total
-------------------------++-------
Melee: Unarmed           ||    73
       Kick              ||    19
       Constrict         ||    21
       Tentacles         ||     7
       Punch             ||     2
Throw: Stone             ||     4
 Cast: Beastly Appendage ||    17
       Wereblood         ||     2
  Use: Potion            ||     1
 Stab: Sleeping          ||     6
Armor: Skin              ||    18
Dodge: Dodged            ||    79

Table legend: (Time is in decaauts)
 A = Elapsed time spent in this place.
 B = Non-inter-level travel time spent in this place.
 C = Inter-level travel time spent in this place.
 D = Time resting spent in this place.
 E = Time spent auto-exploring this place.
 F = Levels seen in this place.
 G = Mean time per level.
                   A        B        C        D        E       F      G
               +--------+--------+--------+--------+--------+-----+--------+
         Total |   1258 |   1250 |      8 |     57 |    975 |   2 |  629.0 |
       Dungeon |   1258 |   1250 |      8 |     57 |    975 |   2 |  629.0 |
               +--------+--------+--------+--------+--------+-----+--------+

Top non-repeatable levels by time:
     D:1: 1019 daAuts
     D:2: 238 daAuts
